Cogmind - Beta 9.3 @@@ ROGUE MODE // 2019.12.21 @ 20:09:03 // Winter2019/RPGLIKE Player: Demise Result: Destroyed by D-53 Grenadier with Mini Grenade Launcher Performance ------------- Evolutions (0) 0 Regions Visited (2) 400 Robots Destroyed (18) 90 Value Destroyed (475) 475 Prototype IDs (0) 0 Alien Tech Used (0) 0 Bonus (0) 0 TOTAL SCORE: 965 Bonus ------- None Cogmind --------- Core Integrity 0/600 Matter 230/300 Energy 248/250 System Corruption 0% Temperature Cool (2) Movement Flying (40) Location -10/Mines Parts ------- > --- POWER (1) -------- Ion Engine > --- PROPULSION (1) --- Flight Unit > --- UTILITY (2) ------ Sensor Array Improved Terrain Scanner > --- WEAPON (2) ------- Light EM Pulse Cannon Mining Claw > --- INVENTORY (1) ---- Grenade Launcher Peak State ------------ > --- POWER ------------ Ion Engine > --- PROPULSION ------- Flight Unit > --- UTILITY ---------- Sensor Array Improved Terrain Scanner > --- WEAPON ----------- Light EM Pulse Cannon Mining Claw > --- INVENTORY -------- Grenade Launcher [Rating: 8] Favorites ----------- Power Light Ion Engine Engine Light Ion Engine Propulsion Flight Unit Wheel Wheel Flight Unit Flight Unit Utility Improved Terrain Scanner Device Improved Terrain Scanner Weapon Assault Rifle Energy Cannon Light EM Pulse Cannon Ballistic Gun Assault Rifle Launcher Grenade Launcher Special Weapon Mining Laser Slashing Weapon Mining Claw Build | -11 -10 -10 ------- Run | Scr Mat Min Slots Evolved 2 | 1 1 . Power . | . . . Propulsion . | . . . Utility 1 | . 1 . Weapon 1 | 1 . . Parts Attached 17 | 7 8 2 Power 2 | 1 1 . Engine 2 | 1 1 . Core . | . . . Reactor . | . . . Propulsion 3 | 1 2 . Treads . | . . . Leg . | . . . Wheel 1 | 1 . . Hover . | . . . Flight 2 | . 2 . Utility 6 | 3 3 . Device 6 | 3 3 . Storage . | . . . Processor . | . . . Hackware . | . . . Protection . | . . . Artifact . | . . . Weapon 6 | 2 2 2 Energy Gun . | . . . Energy Cannon 1 | . 1 . Ballistic Gun 1 | 1 . . Ballistic Cannon . | . . . Launcher 1 | . . 1 Special Weapon 1 | 1 . . Impact Weapon . | . . . Slashing Weapon 2 | . 1 1 Piercing Weapon . | . . . Special Melee Weapon . | . . . Unidentified Prototypes . | . . . Parts Lost 1 | . 1 . Power . | . . . Propulsion . | . . . Utility . | . . . Weapon 1 | . 1 . Highest Loss Streak 1 | . 1 . Average Slot Usage (%) 96 | . 96 100 Engine 18 | . 18 16 Wheel 1 | . 1 . Flight 16 | . 16 16 Device 25 | . 24 33 Energy Cannon 4 | . 2 16 Ballistic Gun 14 | . 15 . Special Weapon 8 | . 9 . Slashing Weapon 7 | . 6 10 Naked Turns . | . . . Heaviest Build 14 | 7 13 14 Greatest Support 14 | 10 14 14 Greatest Overweight (x) 1 | . 1 . Average Overweight (x) . | . . . Largest Inventory Capacity 1 | . 1 1 Average Capacity . | . . 1 Most Carried 1 | . 1 1 Average Carried . | . . 1 Final Capacity 1 | . 1 1 Final Carried 1 | . 1 1 Class Distribution -------------------- 63% | Mutant 36% | Scout Dominant Class ---------------- Mutant | -10/Materials Scout | -10/Mines Resources | -11 -10 -10 ----------- Run | Scr Mat Min Matter Collected 556 | 378 178 . Remotely . | . . . Salvage Created 516 | 235 269 12 Parts 38 | 20 15 3 Haulers Intercepted 1 | . 1 . Recyclers Shooed . | . . . Parts Field Recycled . | . . . Retrieved Matter . | . . . Parts Self-Destructed . | . . . Prevented . | . . . Kills | -11 -10 -10 ------- Run | Scr Mat Min Combat Hostiles Destroyed 9 | . 6 3 Guns 3 | . 3 . Cannons 4 | . 3 1 AOE 2 | . . 2 Classes Destroyed 6 | 3 2 1 Worker 2 | 2 . . Tunneler 5 | 5 . . Hauler 1 | . 1 . Recycler 1 | 1 . . Swarmer 3 | . . 3 Grunt 6 | . 6 . Best Kill Streak 4 | 4 3 3 Combat Bots Only 3 | . 3 3 Max Kills in Single Turn 1 | 1 1 1 Gunslinging . | . . . Exploded 1 | . . 1 Melee . | . . . Uniques/NPCs Destroyed . | . . . Combat | -11 -10 -10 -------- Run | Scr Mat Min Damage Taken 935 | . 702 233 Core 773 | . 573 200 Absorbed by Shields . | . . . Redirected to Core 528 | . 422 106 Core Remaining (%) 100 | 100 . . Volleys Fired 97 | 36 55 6 Largest 2 | 2 2 1 Hottest 120 | 120 120 56 Shots Fired 104 | 37 61 6 Gun 77 | 36 41 . Cannon 4 | . 1 3 Launcher 3 | . . 3 Special 20 | 1 19 . Kinetic 77 | 36 41 . Thermal 20 | 1 19 . Explosive 3 | . . 3 Electromagnetic 4 | . 1 3 Robot Hit Streak 13 | 8 13 9 Robot Miss Streak 4 | 4 2 3 Penetration Max . | . . . Secondary Targets . | . . . Shots Hit Robots 63 | 24 36 3 Core Hits 27 | 9 14 4 Critical Hits 1 | 1 . . Critical Kills . | . . . Critical Parts Destroyed 1 | 1 . . Melee Attacks 20 | . 17 3 Impact . | . . . Slashing 20 | . 17 3 Piercing . | . . . Sneak Attacks . | . . . Combat Hostiles . | . . . Follow-up Attacks . | . . . Damage Inflicted 1020 | 320 508 192 Guns 725 | 320 405 . Cannons 57 | . . 57 Explosions 135 | . . 135 Melee 31 | . 31 . Ramming . | . . . Kinetic 725 | 320 405 . Thermal 116 | . 72 44 Explosive 91 | . . 91 Electromagnetic 57 | . . 57 Impact . | . . . Slashing 31 | . 31 . Piercing . | . . . Highest Corruption . | . . . Average Corruption . | . . . Corruption Purged . | . . . Overload Shots . | . . . Overflow Damage 13 | . 1 12 Projectiles . | . . . Explosions 12 | . . 12 Melee 1 | . 1 . Knockbacks . | . . . Impact . | . . . Kinetic . | . . . Secondary . | . . . Self-Inflicted Damage 68 | . . 68 Shots 3 | . . 3 Rammed . | . . . Targets Rammed . | . . . Kicked . | . . . Crushed . | . . . Highest Temperature 262 | 20 262 36 Average Temperature 70 | 11 78 16 Received Heat Transfer 414 | . 396 18 Effects 2 | . 2 . Energy Bleed 2 | . 2 . Siege Activations . | . . . Robots Corrupted . | . . . Combat Hostiles . | . . . Parts Fried . | . . . Impact Corruptions . | . . . Robots Melted . | . . . Combat Hostiles . | . . . Parts Melted . | . . . Heat Transferred 200 | . 150 50 Parts Sabotaged . | . . . Parts Stolen . | . . . Parts Stripped . | . . . Power Chain Reactions 1 | . . 1 Missiles Intercepted . | . . . Alert | -11 -10 -10 ------- Run | Scr Mat Min Peak Influence 397 | 40 397 193 Average Influence 140 | 15 186 112 Maximum Alert Level 1 | . 1 . Low Security (%) 68 | 100 53 100 Level 1 31 | . 46 . Level 2 . | . . . Level 3 . | . . . Level 4 . | . . . Level 5 . | . . . High Security . | . . . Max Security . | . . . Squads Dispatched 2 | . 2 . Investigation 1 | . 1 . Extermination . | . . . Reinforcement 1 | . 1 . Assault . | . . . Garrison . | . . . Intercept . | . . . Construction Impeded . | . . . Haulers Reinforced . | . . . Stealth | -11 -10 -10 --------- Run | Scr Mat Min Distress Signals 2 | . 2 . Communications Jammed . | . . . Distress Signals . | . . . Times Spotted 23 | . 16 7 Peak Tracking Total 7 | . 7 4 Tactical Retreats 2 | . 2 . Traps | -11 -10 -10 ------- Run | Scr Mat Min Traps Triggered 1 | . 1 . Indirectly . | . . . Trap Hack Attempts . | . . . Triggered . | . . . Disarmed . | . . . Reprogrammed . | . . . Reused . | . . . Traps Extracted . | . . . Installed . | . . . Triggered . | . . . Machines | -11 -10 -10 ---------- Run | Scr Mat Min Machines Disabled 17 | . 11 6 Max in Single Turn 2 | . 1 2 Machines Sabotaged . | . . . Garrisons Compromised . | . . . Overloaded Fab Kills . | . . . Fab Network Shutdowns . | . . . Hacking | -11 -10 -10 --------- Run | Scr Mat Min Machines Accessed 5 | . 5 . Terminals 4 | . 4 . Fabricators . | . . . Repair Stations 1 | . 1 . Recycling Units . | . . . Scanalyzers . | . . . Garrison Access . | . . . Total Hacks 16 | . 16 . Successful 10 | . 10 . Failed 6 | . 6 . Catastrophic 1 | . 1 . Database Lockouts . | . . . Manual 9 | . 9 . Terminals 14 | . 14 . Fabricators . | . . . Repair Stations 2 | . 2 . Recycling Units . | . . . Scanalyzers . | . . . Garrison Access . | . . . Terminal Hacks 4 | . 4 . Branch Access Points 1 | . 1 . Unreport Threat 1 | . 1 . Hauler Manifests 1 | . 1 . Zone Layout 1 | . 1 . Fabricator Hacks . | . . . Repair Station Hacks 2 | . 2 . Scan Component 1 | . 1 . Repair 1 | . 1 . Recycling Unit Hacks . | . . . Scanalyzer . | . . . Garrison Access Hacks . | . . . Unauthorized Hacks 11 | . 11 . Terminals 4 | . 4 . Botnet 4 | . 4 . Fabricators . | . . . Repair Stations . | . . . Recycling Units . | . . . Scanalyzers . | . . . Garrison Access . | . . . Data Cores Recovered . | . . . Used . | . . . Hacking Detections 4 | . 4 . Full Trace Events . | . . . Feedback Events . | . . . Feedback Blocked . | . . . Robot Schematics Acquired . | . . . Robots Built . | . . . Matter . | . . . Time . | . . . Total Robot Build Rating . | . . . Part Schematics Acquired . | . . . Parts Built . | . . . Matter . | . . . Time . | . . . Total Part Build Rating . | . . . Parts Repaired 1 | . 1 . Time 32 | . 32 . Parts Recycled . | . . . Recycled Matter . | . . . Retrieved Matter . | . . . Retrieved Components . | . . . Parts Scanalyzed . | . . . Part Schematics Acquired . | . . . Parts Damaged . | . . . Bothacking | -11 -10 -10 ------------ Run | Scr Mat Min Used RIF Installer . | . . . Robots Hacked . | . . . Non-combat . | . . . Combat . | . . . Robot Hacks Applied . | . . . Relay Couplers Released . | . . . Robots Rewired . | . . . Allies Hacked . | . . . Hacks Repelled . | . . . Allies | -11 -10 -10 -------- Run | Scr Mat Min Total Allies . | . . . Largest Group . | . . . Highest-Rated Group . | . . . Highest-Rated Ally . | . . . Total Orders . | . . . Ally Attacks . | . . . Total Damage . | . . . Kills . | . . . Allies Corrupted . | . . . Allies Melted . | . . . Intel | -11 -10 -10 ------- Run | Scr Mat Min Robot Analysis Total . | . . . Derelict Logs Recovered . | . . . Drone Launches . | . . . Drone Recoveries . | . . . Exploration | -11 -10 -10 ------------- Run | Scr Mat Min Turns Passed 678 | 153 457 68 Spaces Moved 646 | 87 452 107 Core 2 | 2 . . Treads . | . . . Legs . | . . . Wheels 118 | 85 33 . Hover . | . . . Flight 526 | . 419 107 Fastest Speed 40 | 50 40 40 Average Speed 47 | 79 43 40 Slowest Speed 120 | 80 120 40 Overloaded Moves . | . . . Propulsion Burnouts . | . . . Robots Hopped 2 | . 2 . Cave-ins Triggered . | . . . Exploration Rate (%) 31 | 5 65 23 Regions Visited 2 Branch Regions 1 Pre-discovered Areas . | . . . Known Exits Taken 1 | . 1 . Unknown Exits Taken 1 | 1 . . Scrap Searched . | . . . Spaces Dug 19 | . 18 1 Terrain Destroyed 38 | . 18 20 Melee 11 | . 10 1 Projectile 8 | . 8 . AOE 19 | . . 19 Actions | -11 -10 -10 --------- Run | Scr Mat Min Total 826 | 131 576 119 Wait 34 | . 33 1 Move 640 | 86 447 107 Hop 2 | . 2 . Pick Up 1 | . 1 . Fast Attach 10 | 5 5 . Attach . | . . . Detach . | . . . Swap 7 | 2 3 2 Drop 7 | 2 5 . Fire 97 | 36 55 6 Melee 20 | . 17 3 Ram . | . . . Kick . | . . . Crush . | . . . Escape Stasis . | . . . Rewire . | . . . Trap . | . . . Miscellaneous 8 | . 8 . Route ------- -11/Scrapyard -10/Materials (discovered 4 exits: [*Mat x2] / *Min x2) -10/Mines (discovered 1 exit: [*Mat]) History --------- Turn | Location | Event 25 | -11/Scrapyard | Discovered new exit (range 13) 81 | -11/Scrapyard | Upgraded with Weapon slot (x1) 154 | -11/Scrapyard | Entered Materials 306 | -10/Materials | Build established: Mutant 349 | -10/Materials | Core integrity fell below 50% 374 | -10/Materials | Core integrity fell below 20% 417 | -10/Materials | Upgraded with Utility slot (x1) 475 | -10/Materials | Discovered new exit (range 14) 495 | -10/Materials | Reached level 2 504 | -10/Materials | Identified exit to Mines 590 | -10/Materials | Repaired Imp. Terrain Scanner? 602 | -10/Materials | Discovered new exit (range 3) 611 | -10/Materials | Entered Mines 612 | -10/Mines | Assembled infested the area 666 | -10/Mines | Discovered new exit (range 3) 679 | -10/Mines | Destroyed by D-53 Grenadier with Mini Grenade Launcher Last Messages --------------- 00590_ >> REPAIR: Completed Imp. Terrain Scanner? 00592_ Acquired Imp. Terrain Scanner. 00602_ EXIT=FOUND LOCATION=MINES GOAL=ESCAPE Something is scanning the area. 00612_ ALERT: Infestation in the mines, dispatching Demolisher response squad. 00632_ Chain reaction triggered in Lgt. Ion Engine. 00632_ Destroyed Flight Unit. 00632_ S-10 Pest destroyed. 00637_ Seismic Survey Station disabled. 00639_ Destroyed Flight Unit. 00639_ S-10 Pest destroyed. 00640_ The unstable cave ceiling collapses. 00643_ S-10 Pest destroyed. 00652_ Seismic Survey Station disabled. 00666_ EXIT=FOUND 00670_ The unstable cave ceiling collapses. 00677_ C-30 ARC bursts open, deploying its payload. 00677_ D-53 Grenadier unfolds itself. Map ----- +----------------------------------------------------+ | | | | | | | | | | | | | | | | | ???????#??#???#??????????##??????????????????????? | | ??#???####????????#??????????????????????????????? | | ?????### ###???##??#??????#????#????????????????? | | ??????# #?##??##??#??#?#?????????????????????? | | ?????## ###??#????#?#???????????????????????? | | ??????## ##??#?#?#????##?#?????????????????? | | ????##??# #?????#####??#???????????????????? | | ????#???## ##????## ###?#???#?#????????????? | | ??#???#?### ##?### #?##??????????????????? | | ???#?##???## ### ####??????????????????? | | ?#??##?????### ##?##?#???????????????? | | ???#???##?##### ##???????????????????? | | ?######??#?##### #???????????????????? | | ?#??###?#??###?# ### #??"?? ?????????????? | | ??#?############ ##### ##?#? ???????????????? | | ###?#### ###### ## # ###????????????????????? | | ?###??# d## ##?#???????????????????? | | ?####?# %d @#??#? ?????????????????? | | ###??## ## ## # ###? ?????????????????? | | ###?#### ###### ### # #??#? ????? ???????????? | | ?####??####?#### #### ## #???# ?????????????????? | | ##########?##### #?## ## ##?#????#??????????????? | | #??#### ?#### ## ####???##??????????????? | | "" """ ####### #?## ## #?##? ###??????????????? | | ## ####?## ???#???????????????? | | " # ####??????#???????????????? | | ###### #### #????????????????????? | | [% # ###?#### #?##?##???????????????????? | | *%[ ###??##??# #?#? #?#??????????????????? | | " #?#?? ? < #?# ?????????????????????? | | ####?### ? ###??#??##???????????????? | | ###?##?? ? # ? ##??#????????????????? | | #????##? ? # #?#????????????????????? | | #??##?##? ######????????????????????????? | | ###########?#?#?## #####? ???????????????????????? | | #?##?##?#?####?#?#??####??#??#?#?????????????????? | | ???###???###?#???# ??#???????????????????????????? | | #?##?#?###????#?#? ##??#????????#????????????????? | | ??#???? ? ??? ?#??? ????#????????????????????? | | ??#?##?###?????#? ?? ???????????????????????????? | | ?? ? ? ?##?#####? ?? ??? ???????????????????????? | | ???#?#????#?#????? ??????????????????????????????? | +----------------------------------------------------+ Best States ------------- Heat Dissipation 25 Energy Generation 10 Energy Capacity 250 Matter Stores 300 Matter Capacity 300 Sight Range 16 Robot Scan Range 10 Terrain Scan Range 16 Terrain Scan Density 210 Evasion (%) 62 Item Schematics ----------------- None Robot Schematics ------------------ None Fabricated ------------ Nothing Alien Tech Used ----------------- None Achievements -------------- None Challenges ------------ None RPGLIKE | -11 -10 -10 --------- Run | Scr Mat Min Levels Raised 1 | . 1 . XP Earned 5860 | 3000 1560 1300 XP Spent 1670 | 500 1170 . Upgrades 7 | 1 6 . Utility Slot 1 | . 1 . Weapon Slot 1 | 1 . . Mass Support 2 | . 2 . Inventory Capacity 1 | . 1 . Terrain Scan Density 2 | . 2 . Protomatter Created 62 | . 55 7 Integrity Restored 165 | . 165 . Core 165 | . 165 . Protomatter Decayed 25 | . . 25 Game ------ Seed EnhancedWarpProtomatter Manual? 0 Play Time 00:10:49 Cumulative 144.4 hours Start 2019.12.21 @ 19:56:37 End 2019.12.21 @ 20:09:03 Sessions 1 Manual Loads 0 Difficulty Rogue Special Mode Winter2019/RPGLIKE Game No. 195 Rogue 184 Adventurer 11 Explorer 0 Win Type - Total 0 Types 0/0/0/0/0/0/0 Lore% 47 Gallery% 59 Achievement% 41 Wizard Run 0 Options --------- ASCII 0 Keyboard 1 Movement Numpad Keybinds 0 Fullscreen 1 Font 12/Terminus Map View 83x54 Tactical HUD 1 Map Filters NONE Filters NONE Steam 1 RUN: 3b12c83d-db28-4099-8c55-f2200ad78789